AoeStats
← Lykion

Nomad

507497209Analyzed
4v4 RM · 13d ago on Sep 18, 2026· 60m 27s· 8 players
Game mode
Random Map
Map size
231×231
Population
200
Speed
Normal
Resources
Standard
Victory
Conquest
Starting age
Dark Age
Ending age
Imperial Age
RankedLock teamsTeams togetherTeam positionsShared explorationLock speedFull tech treeHidden civsTurbo modeCheats
Victory
Defeat
🇹🇷 Hindustanis · Türkiye
1051
+13
🇹🇼 Japanese · Taiwan
1037
+14
🇹🇼 Vikings · Taiwan
1029
+34
🇩🇪 Mongols · Germany
926
+18
🇺🇸 Italians · United States
1012
-16
🇳🇱 Byzantines · Netherlands
989
-15
🇲🇽 Berbers · Mexico
982
-15
🇫🇷 Turks · France
944
-13
NeessQuiick
14:42 Feudal Age
18:52 Castle Age
20:33 Scale Barding Armor
20:39 Forging
24:12 Medium Warships
24:11 Double-Bit Axe
27:31 Fletching
27:42 Padded Archer Armor
29:35 Wheelbarrow
31:56 Bodkin Arrow
32:32 Gold Mining
32:33 Stone Mining
35:52 Gold Shaft Mining
41:59 Ballistics
41:31 Horse Collar
46:08 Imperial Age
51:33 Iron Casting
52:34 Murder Holes
54:40 Husbandry
55:48 Bloodlines
54:59 Light Cavalry
56:49 Hand Cart
56:20 Loom
kinggsa1
4:37 Loom
16:17 Feudal Age
17:35 Wheelbarrow
16:43 Horse Collar
16:47 Fishing Lines
21:20 Castle Age
20:05 Gold Mining
20:08 Stone Mining
20:15 Stone Mining
21:06 Fletching
21:17 Padded Archer Armor
21:52 Double-Bit Axe
22:28 Bodkin Arrow
22:49 Leather Archer Armor
22:36 Gillnets
23:36 Town Watch
24:36 Thumb Ring
25:05 Bow Saw
26:01 Hand Cart
27:12 Scale Barding Armor
29:38 Bloodlines
33:42 Ballistics
36:03 Imperial Age
34:13 Husbandry
34:31 Light Cavalry
38:13 Chemistry
37:41 Bracer
38:12 Ring Archer Armor
37:55 Forging
39:26 Hussar
41:57 Chain Barding Armor
42:13 Iron Casting
42:42 Elite Genoese Crossbowman
45:30 Plate Barding Armor
45:56 Blast Furnace
54:37 Caravan
Businessman
7:04 Loom
14:54 Feudal Age
24:52 Castle Age
23:14 Horse Collar
23:23 Double-Bit Axe
23:31 Gold Mining
26:09 Heavy Plow
26:36 Bow Saw
28:14 Wheelbarrow
27:46 Stone Mining
30:44 Forging
30:16 Pikeman
31:19 Scale Mail Armor
32:31 Iron Casting
32:11 Squires
35:45 Imperial Age
33:31 Hand Cart
34:36 Scale Barding Armor
38:16 Conscription
40:59 Chain Barding Armor
41:12 Logistica
40:26 Elite Cataphract
47:20 Gold Shaft Mining
47:53 Caravan
48:52 Logistica
54:13 Logistica
57:40 Halberdier
60:23 Chain Mail Armor
FibreZebre70034
16:03 Feudal Age
16:55 Fishing Lines
18:06 Double-Bit Axe
25:25 Castle Age
25:13 Horse Collar
27:03 Bow Saw
27:23 Forging
27:03 Fletching
27:39 Gillnets
29:02 Iron Casting
33:13 Bodkin Arrow
36:49 Bloodlines
36:40 Husbandry
43:23 Imperial Age
48:56 Heavy Plow
49:39 Scale Barding Armor
50:35 Blast Furnace
51:23 Padded Archer Armor
:D:D:D:D
4:12 Loom
15:49 Feudal Age
18:21 Fishing Lines
19:06 Stone Mining
19:53 Wheelbarrow
21:28 Castle Age
21:37 Wheelbarrow
20:54 Gold Mining
20:46 Horse Collar
20:53 Double-Bit Axe
23:19 Gillnets
24:48 Bow Saw
25:18 Gold Shaft Mining
27:27 Treadmill Crane
29:35 Ballistics
32:36 Fortified Wall
32:19 Guard Tower
33:14 Fletching
35:54 Bodkin Arrow
36:29 Masonry
36:31 Yasama
41:41 Hand Cart
48:01 Imperial Age
50:16 Squires
49:36 Pikeman
51:57 Padded Archer Armor
51:57 Bracer
53:16 Chemistry
53:03 Keep
53:08 Conscription
53:12 Murder Holes
54:29 Two-Man Saw
53:55 Arrowslits
54:42 Thumb Ring
54:00 Elite Skirmisher
54:02 Halberdier
54:27 Arson
54:28 Gambesons
56:17 Kataparuto
56:11 Scale Mail Armor
56:21 Forging
56:28 Leather Archer Armor
57:18 Leather Archer Armor
57:23 Chain Mail Armor
58:39 Ring Archer Armor
58:48 Iron Casting
58:47 Ring Archer Armor
59:36 Siege Engineers
60:27 Plate Mail Armor
60:58 Blast Furnace
VeryOldNoob
17:53 Feudal Age
17:31 Loom
22:34 Castle Age
20:38 Fletching
20:49 Padded Archer Armor
25:49 Wheelbarrow
25:03 Double-Bit Axe
27:06 Bodkin Arrow
27:27 Leather Archer Armor
28:29 Gold Mining
37:56 Imperial Age
36:48 Hand Cart
38:23 Ballistics
37:59 Murder Holes
40:24 Elite Mangudai
41:25 Conscription
41:37 Bracer
43:55 Bow Saw
46:24 Chemistry
45:30 Siege Engineers
57:07 Bloodlines
56:58 Husbandry
56:20 Light Cavalry
57:13 Scale Barding Armor
57:18 Forging
LOUIS文
11:26 Loom
14:48 Feudal Age
16:27 Double-Bit Axe
19:12 Castle Age
17:42 Fishing Lines
20:37 Bow Saw
21:45 Fletching
22:50 Bodkin Arrow
25:03 Gillnets
30:22 Ballistics
30:24 Careening
30:26 Clinker Construction
30:13 Heated Shot
36:40 Scale Mail Armor
36:51 Forging
37:46 Crossbowman
38:01 Elite Skirmisher
41:16 Imperial Age
39:51 Padded Archer Armor
40:48 Leather Archer Armor
41:20 Horse Collar
41:34 Arbalester
42:15 Gold Mining
45:18 Two-Man Saw
44:54 Bracer
45:23 Conscription
46:15 Gold Shaft Mining
46:31 Ring Archer Armor
49:29 Chain Mail Armor
49:50 Iron Casting
49:23 Bogsveigar
51:03 Elite Berserk
52:49 Chieftains
54:26 Capped Ram
56:44 Siege Ram
58:27 Plate Mail Armor
Lykion
15:15 Feudal Age
15:52 Loom
21:00 Castle Age
20:14 Double-Bit Axe
21:22 Bloodlines
24:22 Horse Collar
30:16 Scale Barding Armor
30:41 Forging
31:44 Bow Saw
34:00 Wheelbarrow
36:15 Imperial Age
34:14 Heavy Plow
35:16 Iron Casting
35:54 Hand Cart
35:56 Husbandry
37:22 Gold Mining
37:37 Scale Mail Armor
39:24 Chemistry
38:45 Ballistics
38:45 Elite Skirmisher
42:19 Gold Shaft Mining
41:35 Stone Mining
41:57 Heavy Camel Rider
46:00 Imperial Camel Rider
48:04 Elite Ghulam
49:25 Imperial Camel Rider
52:34 Shatagni
55:33 Two-Man Saw
55:12 Light Cavalry
56:10 Hussar
58:34 Caravan
59:05 Coinage
Connection lost

Rejoining the realm…

Still unreachable

The connection could not be restored.

Session expired

The server has moved on; the page needs a fresh start.